 Dungeon Crawl Stone Soup version 0.29-a0-319-gad05b8d819 (webtiles) character file.

Game seed: 348164864963266878

41 tilp the Chopper (level 3, -2/36 HPs)
             Began as a Mayflytaur Berserker on Apr 1, 2022.
             Was a Follower of Trog.
             Slain by a gnoll
             ... wielding a +0 flail
              (5 damage)
             ... on level 3 of the Dungeon.
             The game lasted 00:01:37 (249 turns).

tilp the Chopper (Mayflytaur Berserker)              Turns: 249, Time: 00:01:37

Health: -2/36      AC:  3    Str: 20    XL:     3   Next: 52%
Magic:  4/4        EV: 12    Int:  9    God:    Trog [*.....]
Gold:   20         SH:  0    Dex: 13    Spells: 2/2 levels left

rFire   . . .      SeeInvis .   a - +0 hand axe
rCold   . . .      Faith    .   (no shield)
rNeg    . . .      Spirit   .   f - +0 leather armour
rPois   .          Reflect  .   (no helmet)
rElec   .          Harm     .   (no cloak)
rCorr   .          Rampage  .   (no gloves)
Will    .....                   (no boots)
Stlth   +.........              (no amulet)
HPRegen 0.12/turn               (no ring)
MPRegen 0.09/turn               (no ring)

@: lit by a corona, on berserk cooldown, flying, slowed, glowing, very slow
A: damage resistance, big wings, sense surroundings 1, short lifespan
a: Renounce Religion, Berserk


You were on level 3 of the Dungeon.
You worshipped Trog.
Trog was aware of your devotion.
You visited 1 branch of the dungeon, and saw 3 of its levels.

You collected 20 gold pieces.

Inventory:

Hand Weapons
 a - a +0 hand axe (weapon)
Missiles
 g - 15 stones (quivered)
Armour
 b - a +0 animal skin
 f - a +0 leather armour (worn)
Scrolls
 e - a scroll of immolation {unknown}
Potions
 c - a potion of degeneration {unknown}
 d - a potion of curing {unknown}


   Skills:
 + Level 3.9 Fighting
 * Level 4.4 Axes
 - Level 2.1 Armour
 - Level 2.1 Dodging


You had 2 spell levels left.
You didn't know any spells.
Your spell library was empty.

Dungeon Overview and Level Annotations

Branches:
Dungeon (3/15)

Altars:


Innate Abilities, Weirdness & Mutations

You are resistant to damage.
Your large and strong wings let you fly.
You passively map a small area around you.
You are easily found by Zot.


Message History

You hit the gnoll shaman.
The gnoll shaman is moderately wounded.
The gnoll completely misses you.
You barely miss the gnoll shaman.
The gnoll shaman is moderately wounded.
You closely miss the gnoll. The gnoll shaman barely misses you.
You hit the gnoll shaman.
The gnoll shaman is heavily wounded.
You slash the gnoll! You barely miss the gnoll.
You are no longer berserk.
You are exhausted.
You feel yourself slow down. The gnoll barely misses you.
The gnoll shaman hits you with a +0 whip.
You completely miss the gnoll. You hit the gnoll shaman. You hit the gnoll.
You kill the gnoll!
Trog accepts your kill. The gnoll barely misses you.
The gnoll shaman hits you with a +0 whip.
The gnoll barely misses you.
Unknown command.
You barely miss the gnoll. You hit the gnoll. You hit the gnoll shaman.
The gnoll barely misses you.
The gnoll shaman hits you with a +0 whip.
The gnoll hits you with a +0 halberd!
* * * LOW HITPOINT WARNING * * *
The gnoll shaman closely misses you. The gnoll misses you.
Unknown command.
You closely miss the gnoll. x2
You hit the gnoll shaman but do no damage.
The gnoll misses you. The gnoll barely misses you.
The gnoll shaman mumbles some strange prayers to its god against you.
You are outlined in light.
The gnoll closely misses you. The gnoll shaman closely misses you.
The gnoll barely misses you.
Unknown command.
The gnoll shouts!
You hit the gnoll.
The gnoll is heavily wounded.
You closely miss the gnoll. You hit the gnoll shaman.
The gnoll closely misses you. The gnoll hits you with a +0 flail.
You die...

* ....
*,##############.....
#...gg..)..........
#.############[...?
#g# * , ..#. * #.#
#### * .# ,#.# #..# #
#g###..# *, #g@g...#
* #.#<...# ######## *
, * , , , , *,


You could see a gnoll shaman and 3 gnolls.

Vanquished Creatures
  Natasha (D:3)
  A gnoll (D:3)
  A worm (D:2)
  A giant cockroach (D:2)
  A ball python (D:1)
  2 frilled lizards
7 creatures vanquished.

Notes
Turn   | Place    | Note
-------+----------+-------------------------------------------
     0 | D:1      | tilp the Mayflytaur Berserker began the quest for the Orb.
     0 | D:1      | Reached XP level 1. HP: 21/21 MP: 2/2
   145 | D:2      | Found a faded altar of an unknown god.
   184 | D:3      | Reached XP level 2. HP: 25/28 MP: 3/3
   189 | D:3      | Noticed Natasha
   196 | D:3      | Killed Natasha
   197 | D:3      | Reached skill level 4 in Axes
   197 | D:3      | Reached XP level 3. HP: 36/36 MP: 4/4
   249 | D:3      | Slain by a gnoll

Illustrated notes

Levels and vault maps discovered:
D:1:      lightli_arrival_statuegarden, layout_basic, corexii_leaking_fountain
D:2:      layout_loops_ring, nicolae_ecumenical_lake_church, serial_shops, shop
D:3:      layout_basic, overflow_temple_1_default, serial_shops,
          nicolae_shop_hallway_plus, uniq_natasha

Skill      XL: |  1  2 |
---------------+-------+-----
Axes           | 4 |  4.4
Fighting       | |  3.9
Armour         | |  2.1
Dodging        | |  2.1

Action                   || total
-------------------------++-------
Melee: Hand axe          ||    31
Invok: Berserk           ||     2
Armor: Animal skin       ||     2
       Leather armour    ||     1
Dodge: Dodged            ||    44

Table legend: (Time is in decaauts)
 A = Elapsed time spent in this place.
 B = Non-inter-level travel time spent in this place.
 C = Inter-level travel time spent in this place.
 D = Time resting spent in this place.
 E = Time spent auto-exploring this place.
 F = Levels seen in this place.
 G = Mean time per level.
                   A        B        C        D        E       F      G
               +--------+--------+--------+--------+--------+-----+--------+
         Total |    272 |    272 |      0 |     13 |      0 |   3 |   90.7 |
       Dungeon |    272 |    272 |      0 |     13 |      0 |   3 |   90.7 |
               +--------+--------+--------+--------+--------+-----+--------+

Top non-repeatable levels by time:
     D:2: 162 daAuts
     D:3: 72 daAuts
     D:1: 36 daAuts
